 Dungeon Crawl Stone Soup version 0.27.1-34-g3ba077fa99 (webtiles) character file.

Game seed: 1008324128722599095

5330 Arum the Geomancer (level 10, -9/63 HPs)
             Began as a Formicid Earth Elementalist on Jan 9, 2022.
             Was a Believer of Vehumet.
             Mangled by a white ugly thing (11 damage)
             ... on level 8 of the Dungeon.
             The game lasted 00:32:21 (12747 turns).

Arum the Geomancer (Formicid Earth Elementalist)   Turns: 12747, Time: 00:32:22

Health: -9/63      AC:  6    Str: 13    XL:     10   Next: 96%
Magic:  15/31      EV: 12    Int: 18    God:    Vehumet [**....]
Gold:   443        SH:  0    Dex: 11    Spells: 18/25 levels left

rFire    . . .     SeeInvis +   s - +2 quarterstaff (freeze)
rCold    . . .     Faith    .   (no shield)
rNeg     . . .     Spirit   .   p - +0 steam dragon scales
rPois    +         Reflect  .   (helmet unavailable)
rElec    .         Harm     .   r - +0 cloak
rCorr    .         Rampage  .   (no gloves)
Will     +....                  (no boots)
Stlth    ++........             (no amulet)
HPRegen  0.20/turn              A - ring of poison resistance
MPRegen  0.22/turn              x - ring of magical power

@: very slightly contaminated, invisible
A: permanent stasis, dig shafts and tunnels, antennae 3, four strong arms
a: Dig, Shaft Self, Renounce Religion


You were on level 8 of the Dungeon.
You worshipped Vehumet.
Vehumet was pleased with you.
You visited 2 branches of the dungeon, and saw 9 of its levels.
You also visited: Sewer.

You collected 503 gold pieces.
You spent 60 gold pieces at shops.

Inventory:

Hand Weapons
 a - a +3 vorpal great sword
 d - a +0 dagger
 h - a +0 short sword of holy wrath
 o - a +1 whip of draining
 s - a +2 quarterstaff of freezing (weapon)
Missiles
 c - 119 stones
 i - 35 poisoned darts
Armour
 b - a +0 robe
 p - +0 steam dragon scales (worn)
 r - a +0 cloak (worn)
Magical Staves
 g - a staff of conjuration
Jewellery
 l - a ring of protection from cold
 u - a ring of resist corrosion
 x - a ring of magical power (right hand)
 A - a ring of poison resistance (left hand)
 B - a +4 ring of evasion
Wands
 w - a wand of acid (7)
 C - a wand of polymorph (5)
Scrolls
 k - 2 scrolls of fear
 q - a scroll of silence
 t - 2 scrolls of noise
 y - a scroll of vulnerability
Potions
 e - 4 potions of lignification
 f - 4 potions of brilliance
 j - 5 potions of mutation
 m - 3 potions of invisibility
 n - 3 potions of might
 v - 3 potions of curing
 z - a potion of magic


   Skills:
 - Level 1.7 Dodging
 - Level 2.4 Stealth
 * Level 8.4 Spellcasting
 * Level 7.0 Conjurations
 - Level 1.1 Transmutations
 + Level 11.3 Earth Magic
 + Level 7.3 Poison Magic


You had 18 spell levels left.
You knew the following spells:

 Your Spells              Type           Power      Damage    Failure   Level
a - Sandblast             Erth           96%        2d20      1%          1
b - Sting                 Tmut/Pois      88%        1d7       1%          1
c - Stone Arrow           Conj/Erth      80%        3d12      1%          3
d - Poisonous Vapours     Pois/Air       40%        N/A       3%          2

Your spell library contained the following spells:

 Spells                   Type           Power      Damage    Failure   Level
 Static Discharge         Conj/Air       20%        N/A       3%          2
 Passwall                 Tmut/Erth      25%        N/A       1%          2
 Petrify                  Tmut/Erth      30%        N/A       7%          4
 Animate Armour           Summ/Erth      56%        N/A       9%          4
 Corpse Rot               Necr/Air       N/A        N/A       14%         2
 Freezing Cloud           Conj/Ice/Air   7%         6-21      69%         5
 Lehudib's Crystal Spear  Conj/Erth      20%        10d6      100%        8


Dungeon Overview and Level Annotations

Branches:
Dungeon (8/15)             Temple (1/1) D:4            Lair (0/6) D:8
  Sewer (visited)

Altars:
Ashenzari
Cheibriados
Dithmenos
Elyvilon
Fedhas
Gozag
Hepliaklqana
Kikubaaqudgha
Nemelex Xobeh
Okawaru
Qazlal
Ru
Sif Muna
Trog
Uskayaw
Vehumet
Wu Jian
Xom
Yredelemnul
Zin
The Shining One
Beogh

Shops:
D:1 ?   D:7 (


Innate Abilities, Weirdness & Mutations

You cannot be hasted, slowed, berserked, paralysed or teleported.
You can dig through walls and to a lower floor.
You have a pair of large antennae on your head. (SInv)
Your four strong arms can wield two-handed weapons with a shield.


Message History

Poisonous vapours surround the white ugly thing!
The white ugly thing looks as sick as possible!
Casting: Poisonous Vapours (safe; 3% risk of failure)
Confirm with . or Enter, or press ? or * to list all spells.
Aiming: Stone Arrow (safe; 1% risk of failure)
Press: ? - help, Shift-Dir - straight line, f/p - white ugly thing
Aim: a white ugly thing (lightly wounded, extremely poisoned, 76% to hit)
The stone arrow hits the white ugly thing!
The white ugly thing is moderately wounded.
Casting: Stone Arrow (safe; 1% risk of failure)
Confirm with . or Enter, or press ? or * to list all spells.
Aiming: Stone Arrow (safe; 1% risk of failure)
Press: ? - help, Shift-Dir - straight line, f/p - white ugly thing
Aim: a white ugly thing (moderately wounded, extremely poisoned, 76% to hit)
You miscast Stone Arrow.
You are very lightly contaminated with residual magic.
Nothing appears to happen.
Casting: Stone Arrow (safe; 1% risk of failure)
Confirm with . or Enter, or press ? or * to list all spells.
Aiming: Sandblast (safe; 1% risk of failure)
Press: ? - help, Shift-Dir - straight line, f/p - white ugly thing
Aim: a white ugly thing (moderately wounded, extremely poisoned, 83% to hit)
The blast of sand hits the white ugly thing!
The white ugly thing is heavily wounded.
c - 120 stones The white ugly thing tail-slaps you.
The white ugly thing freezes you!!
Casting: Sandblast (safe; 1% risk of failure)
Confirm with . or Enter, or press ? or * to list all spells.
Aiming: Sandblast (safe; 1% risk of failure)
Press: ? - help, Shift-Dir - straight line, f/p - white ugly thing
Aim: a white ugly thing (heavily wounded, extremely poisoned, 83% to hit)
The blast of sand misses the white ugly thing.
c - 119 stones The white ugly thing tail-slaps you.
The white ugly thing freezes you!!
* * * LOW HITPOINT WARNING * * *
You fade into invisibility!
The white ugly thing barely misses you.
Unknown command.
The white ugly thing tail-slaps you!
You die...

≈.≈.≈.≈≈≈≈≈....#
$≈≈≈≈≈≈≈≈≈≈≈≈....#
.≈≈≈≈≈≈≈≈≈.......#
≈≈≈≈.≈≈≈≈≈.......#
....≈≈.≈≈≈.......#
....≈....≈≈......#
......≈....≈....##
................#
###..u@.......#
#.########### # {


You could see a white ugly thing (very poisoned).

Vanquished Creatures
  An unseen horror (D:7)
  A troll (D:8)
  Prince Ribbit (D:5)
  A wyvern (D:7)
  2 yaks
  3 steam dragons
  An acid dragon (D:8)
  2 water moccasins
  Duvessa (D:5)
  An orc warrior (D:8)
  2 ice beasts (D:8)
  A sky beast (D:7)
  A black bear (D:4)
  A necrophage (D:5)
  2 ogres (D:5)
  3 wolves (D:8)
  2 centaurs
  A bullfrog (D:8)
  2 wyvern zombies (D:8)
  Dowan (D:5)
  A water moccasin zombie (D:5)
  2 scorpions (D:6)
  9 killer bees (D:8)
  6 wights
  3 electric eels (D:8)
  4 hounds
  A centaur zombie (D:8)
  Crazy Yiuf (D:3)
  A jelly (D:6)
  5 orc priests
  2 gnoll shamans (D:7)
  3 centaur skeletons
  Jessica (D:2)
  A bullfrog skeleton (D:6)
  2 iguanas
  5 orc wizards
  A scorpion zombie (D:5)
  A killer bee zombie (D:7)
  A hound skeleton (D:4)
  3 howler monkey skeletons (D:6)
  13 adders
  A shadow imp (D:8)
  A white imp (D:6)
  An ufetubus (D:6)
  2 adder skeletons (D:4)
  3 worms
  A dart slug (D:1)
  19 orcs
  11 ball pythons
  7 bats
  7 endoplasms
  3 giant cockroaches (D:3)
  6 goblins
  8 hobgoblins
  10 jackals
  2 quokkas
  7 frilled lizards
  14 kobolds
  6 rats
205 creatures vanquished.

Vanquished Creatures (others)
  2 fungi (D:1)
  10 plants
12 creatures vanquished.

Grand Total: 217 creatures vanquished

Notes
Turn   | Place    | Note
-------+----------+-------------------------------------------
     0 | D:1      | Arum the Formicid Earth Elementalist began the quest for
                  | the Orb.
     0 | D:1      | Reached XP level 1. HP: 13/13 MP: 3/3
    54 | D:1      | Found a faded altar of an unknown god.
    82 | D:1      | Got Plato's Tome of Toxins
    85 | D:1      | Learned a level 1 spell: Sting
   122 | D:1      | Reached XP level 2. HP: 19/19 MP: 1/5
   163 | D:1      | Reached skill level 4 in Earth Magic
   163 | D:1      | Reached skill level 1 in Poison Magic
   310 | D:1      | You fall into a shaft and drop 1 floor!
   547 | D:2      | Noticed Jessica
   552 | D:2      | Killed Jessica
   553 | D:2      | Reached XP level 3. HP: 24/24 MP: 1/7
   690 | D:2      | Reached XP level 4. HP: 23/30 MP: 0/8
  1838 | D:1      | Found Idemn's Magic Scroll Shoppe.
  1865 | D:1      | Bought a scroll of identify for 20 gold pieces
  1865 | D:1      | Bought a scroll of identify for 20 gold pieces
  1865 | D:1      | Bought a scroll of identify for 20 gold pieces
  2561 | D:3      | Reached XP level 5. HP: 35/35 MP: 4/9
  2566 | D:3      | Found a glowing drain.
  2699 | Sewer    | Entered a sewer
  2986 | Sewer    | Learned a level 3 spell: Stone Arrow
  4219 | D:3      | Found a white marble altar of Elyvilon.
  4249 | D:3      | Reached skill level 1 in Conjurations
  4257 | D:3      | Reached XP level 6. HP: 29/41 MP: 0/11
  4413 | D:3      | Found a runed translucent door.
  4414 | D:3      | Noticed Crazy Yiuf
  4429 | D:3      | Killed Crazy Yiuf
  4430 | D:3      | Reached skill level 5 in Earth Magic
  5486 | D:4      | Found a sacrificial altar of Ru.
  5502 | D:4      | Noticed a steam dragon
  5511 | D:4      | Killed a steam dragon
  5512 | D:4      | Reached skill level 5 in Poison Magic
  5512 | D:4      | Reached XP level 7. HP: 24/46 MP: 4/13
  5787 | D:4      | Found a shadowy altar of Dithmenos.
  5835 | D:4      | Found a bloodstained altar of Trog.
  5836 | D:4      | Found a basalt altar of Yredelemnul.
  5839 | D:4      | Found a radiant altar of Vehumet.
  5847 | D:4      | Became a worshipper of Vehumet
  5850 | D:4      | Found a broken altar of Ashenzari.
  5854 | D:4      | Found a shimmering altar of Xom.
  5934 | D:4      | Found a staircase to the Ecumenical Temple.
  5943 | Temple   | Entered the Ecumenical Temple
  6432 | D:4      | Reached skill level 6 in Earth Magic
  6848 | D:5      | Entered Level 5 of the Dungeon
  6971 | D:5      | Noticed Duvessa
  6978 | D:5      | Noticed Dowan
  6994 | D:5      | Killed Duvessa
  6995 | D:5      | Reached XP level 8. HP: 24/52 MP: 8/15
  6997 | D:5      | Killed Dowan
  7007 | D:5      | Reached skill level 5 in Spellcasting
  7126 | D:5      | Noticed Prince Ribbit
  7156 | D:5      | Killed Prince Ribbit
  7373 | D:5      | Reached skill level 7 in Earth Magic
  8062 | D:5      | Reached * piety under Vehumet
  8062 | D:5      | Offered knowledge of Magic Dart by Vehumet.
  8154 | D:5      | Reached XP level 9. HP: 50/57 MP: 11/17
  8353 | D:5      | Learned a level 2 spell: Poisonous Vapours
  9193 | D:6      | Reached skill level 8 in Earth Magic
 10005 | D:7      | Found an ornate altar of the Wu Jian Council.
 10018 | D:7      | Reached skill level 5 in Conjurations
 10374 | D:7      | Found a sacrificial altar of Ru.
 10385 | D:7      | Reached skill level 9 in Earth Magic
 10617 | D:7      | Found Faapysacs's Weapon Shop.
 10903 | D:8      | Noticed an unseen horror
 10944 | D:7      | Reached XP level 10. HP: 27/63 MP: 9/20
 10953 | D:7      | HP: 1/63 [unseen horror (6)]
 10954 | D:7      | Killed an unseen horror
 11196 | D:8      | Reached skill level 10 in Earth Magic
 11241 | D:8      | Reached ** piety under Vehumet
 11244 | D:8      | Offered knowledge of Static Discharge by Vehumet.
 11287 | D:8      | Noticed a cyclops
 11288 | D:8      | Noticed a white ugly thing
 11603 | D:8      | Reached skill level 11 in Earth Magic
 11625 | D:8      | HP: 3/63 [yak (15)]
 12731 | D:8      | Found a staircase to the Lair.
 12745 | D:8      | HP: 1/63 [white ugly thing (28)]
 12747 | D:8      | Mangled by a white ugly thing

Illustrated notes

Levels and vault maps discovered:
D:1:      minmay_arrival_glassed_features, layout_basic,
          shapermc_ecumenical_altar_rom_forum, serial_shops, shop
D:2:      minmay_diamond_boxcup, layout_loops_ring, minmay_split_cup_large,
          uniq_jessica
D:3:      layout_basic, mainiacjoe_overflow_paths, gup_sewer_entry_glass,
          kennysheep_orc_chapel, uniq_crazy_yiuf_cottage
D:4:      layout_basic, mainiacjoe_overflow_cross_hatched,
          nicolae_ru_path_of_blood, minmay_overflow_temple_star_hex,
          minmay_temple_entry_junction_2
D:5:      layout_basic, uniq_prince_ribbit1, uniq_duvessa
D:6:      layout_basic
D:7:      layout_basic, hangedman_feature_mirror, minmay_shop_grid_forest,
          minivault_25
D:8:      minmay_bloctagon, layout_basic, makhleb_blood_cavern_becter,
          erik_lair_island
Temple:   nicolae_temple_figure_eight

Skill      XL: |  1  2  3  4  5  6  7  8  9 10 |
---------------+-------------------------------+-----
Earth Magic    | 4 5 6 7 9 11 | 11.3
Poison Magic   | 2 3 4 5 6 7 |  7.3
Spellcasting   | 3 4 5 7 8 |  8.4
Conjurations   | 1 2 3 4 5 7 |  7.0
Dodging        | |  1.7
Stealth        | |  2.4
Transmutations | |  1.1

Action                   |  1- 3 |  4- 6 |  7- 9 | 10-12 || total
-------------------------+-------+-------+-------+-------++-------
Melee: Unarmed           |    23 |       |       |       ||    23
       Dagger            |     4 |    22 |       |       ||    26
       Staff             |       |    54 |       |       ||    54
       Quarterstaff      |       |    18 |    81 |    25 ||   124
Throw: Throwing net      |       |     1 |       |       ||     1
       Dart              |       |       |     3 |       ||     3
 Cast: Sting             |    32 |   113 |    61 |     1 ||   207
       Sandblast         |     2 |    32 |    39 |    27 ||   100
       Poisonous Vapours |       |       |    42 |    51 ||    93
       Stone Arrow       |       |       |    24 |    24 ||    48
 Abil: Dig               |       |     4 |     3 |     3 ||    10
Evoke: Wand              |       |       |       |     3 ||     3
  Use: Scroll            |       |     7 |     9 |     4 ||    20
       Potion            |       |       |     3 |     6 ||     9
 Stab: Petrified         |       |       |       |     1 ||     1
Armor: Robe              |     2 |    19 |       |       ||    21
       Steam dragon scal |       |       |    42 |     6 ||    48
       Skin              |       |       |       |    95 ||    95
Dodge: Dodged            |    18 |    94 |   111 |    39 ||   262
